 Dungeon Crawl Stone Soup version 0.20.0-8-g6b59dc7 (webtiles) character file.

978689 kidcy the Minotaur Barricade (level 27, -5/296 HPs)
             Began as a Minotaur Berserker on May 31, 2017.
             Was the Champion of the Shining One.
             Killed from afar by a Hell Sentinel (37 damage)
             ... with damnation
             ... on level 7 of the Iron City of Dis.
             The game lasted 03:57:29 (66870 turns).

kidcy the Minotaur Barricade (Minotaur Berserker)  Turns: 66870, Time: 03:57:29

Health: -5/296     AC: 49    Str: 21    XL:     27
Magic:  40/44      EV: 22    Int:  9    God:    the Shining One [******]
Gold:   6785       SH: 45    Dex: 23    Spells: 36/45 levels left

rFire    + + +     SeeInvis .   K - +9 broad axe (holy)
rCold    . . .     Gourm    .   G - +7 large shield "Ywecajad" {rF++ rC- MR++}
rNeg     + + +     Faith    .   t - +5 crystal plate armour
rPois    +         Spirit   .   E - +2 hat of the Dreams {rPois rCorr Slay+5 Stlth-}
rElec    .         Reflect  .   y - scarf {rC+ rF+}
rCorr    +         Harm     .   M - +2 pair of gloves
MR       ++++.                  I - +2 pair of boots
Stlth    ..........             R - amulet of Vitality {Regen+ HP+15}
Regen    0.0/turn               m - ring "Paodylau" {rF+ MP+9 Dex+2 Slay+2}
MPRegen  0.3/turn               v - ring of Pisoicas {rPois rF- Int+4 Dex+2 Slay+5}

@: divine shield, glowing
A: retaliatory headbutt, claws 1, horns 2, rugged brown scales 1, yellow scales
1, blink, poison resistance, inhibited regeneration, weak 2, MP-powered wands
}: 7/15 runes: barnacled, slimy, silver, obsidian, bone, abyssal, gossamer
a: Blink, Divine Shield, Cleansing Flame, Summon Divine Warrior, Renounce
Religion


You were on level 7 of the Iron City of Dis.
You worshipped the Shining One.
The Shining One was exalted by your worship.
You were not hungry.

You visited 15 branches of the dungeon, and saw 77 of its levels.
You visited the Abyss 1 time.
You also visited: Labyrinth.

You collected 8914 gold pieces.
You spent 2129 gold pieces at shops.

Inventory:

Hand Weapons
 x - a +1 eudemon blade of holy wrath
 K - a +9 broad axe of holy wrath (weapon)
 U - a +7 antimagic broad axe
Armour
 t - a +5 crystal plate armour (worn)
 y - a scarf of resistance (worn)
 E - the +2 hat of the Dreams (worn) {rPois rCorr Slay+5 Stlth-}
   (You acquired it on level 11 of the Dungeon)

   It affects your accuracy and damage with ranged weapons and melee attacks
   (+5).
   It protects you from poison.
   It protects you from acid and corrosion.
   It makes you less stealthy.
 G - the +7 large shield "Ywecajad" (worn) {rF++ rC- MR++}
   (You found it on level 5 of the Pits of Slime)

   It greatly protects you from fire.
   It makes you vulnerable to cold.
   It affects your resistance to hostile enchantments.
 I - a +2 pair of boots (worn)
 M - a +2 pair of gloves (worn)
Jewellery
 m - the ring "Paodylau" (left hand) {rF+ MP+9 Dex+2 Slay+2}
   (You found it on level 3 of the Shoals)

   [ring of protection from fire]

   It affects your dexterity (+2).
   It affects your accuracy and damage with ranged weapons and melee attacks
   (+2).
   It protects you from fire.
   It affects your magic capacity (+9).
 p - an uncursed ring of protection from magic
 v - the ring of Pisoicas (right hand) {rPois rF- Int+4 Dex+2 Slay+5}
   (You found it on level 2 of the Lair of Beasts)

   [ring of intelligence]

   It affects your intelligence (+4).
   It affects your dexterity (+2).
   It affects your accuracy and damage with ranged weapons and melee attacks
   (+5).
   It makes you vulnerable to fire.
   It protects you from poison.
 w - the amulet "Viasin" {Reflect rElec rF+ MR+ SH+6}
   (You found it on level 5 of the Pits of Slime)

   [amulet of reflection]

   It shields you and reflects attacks.
   It protects you from fire.
   It insulates you from electricity.
   It affects your resistance to hostile enchantments.
   It affects your SH (+6).
 D - a cursed -3 ring of slaying {unknown}
 R - the amulet of Vitality (around neck) {Regen+ HP+15}
   (You bought it in a shop on level 2 of the Orcish Mines)

   [amulet of regeneration]

   It affects your health (+15).
   It increases your rate of regeneration.
Wands
 u - a wand of digging (12/24)
Scrolls
 a - 7 scrolls of identify
 e - 10 scrolls of teleportation
 j - 2 scrolls of silence
 k - 33 scrolls of remove curse
 n - 13 scrolls of blinking
 q - a scroll of amnesia
 s - a scroll of summoning
 O - 4 scrolls of fog
 Q - 8 scrolls of fear
 X - 7 scrolls of recharging
Potions
 b - 6 potions of agility
 f - 4 potions of berserk rage
 h - 6 potions of curing
 i - 2 potions of invisibility
 l - 7 potions of brilliance
 A - 12 potions of haste
 B - 8 potions of lignification
 F - 4 potions of resistance
 H - 6 potions of might
 S - 7 potions of ambrosia
 V - 4 potions of magic
 W - 2 potions of flight
Books
 c - the Compendium of Displacement and the Glacier
   (You found it on level 7 of Gehenna)

   Spells                             Type                      Level
   a - Freeze                         Ice                          1
   b - Ozocubu's Armour               Charms/Ice                   3
   c - Recall                         Summoning/Translocation      3
   d - Dispersal                      Translocation                6
 C - the Compendium of the Vacuum
   (You found it on level 7 of Gehenna)

   Spells                             Type                      Level
   a - Sting                          Conjuration/Poison           1
   b - Magic Dart                     Conjuration                  1
   c - Conjure Flame                  Conjuration/Fire             3
   d - Dazzling Spray                 Conjuration/Hexes            3
   e - Bolt of Draining               Conjuration/Necromancy       5
   f - Orb of Destruction             Conjuration                  7
 T - a book of Annihilations

   Spells                             Type                      Level
   a - Poison Arrow                   Conjuration/Poison           6
   b - Chain Lightning                Conjuration/Air              8
   c - Lehudib's Crystal Spear        Conjuration/Earth            8
   d - Glaciate                       Conjuration/Ice              9
   e - Fire Storm                     Conjuration/Fire             9
Comestibles
 g - 10 meat rations
 o - 4 bread rations
 r - 25 royal jellies
 z - 35 fruits


   Skills:
 O Level 27 Fighting
 - Level 13.8 Long Blades
 - Level 24.5 Axes
 O Level 27 Armour
 O Level 27 Dodging
 - Level 5.6 Stealth
 O Level 27 Shields
 + Level 9.7 Spellcasting
 + Level 10.3 Conjurations
 + Level 10.6 Fire Magic
 - Level 14.4 Invocations
 + Level 9.2 Evocations


You had 36 spell levels left.
You knew the following spells:

 Your Spells              Type           Power        Failure   Level  Hunger
a - Fire Storm            Conj/Fire      ###.......   100%        9    #######


Dungeon Overview and Level Annotations

Branches:
Dungeon (15/15)            Temple (1/1) D:4            Lair (6/6) D:11
 Shoals (4/4) Lair:4       Spider (4/4) Lair:3        Slime (5/5) Lair:5
    Orc (2/2) D:11            Elf (0/3) Orc:2        Vaults (5/5) D:13
  Crypt (3/3) Vaults:2       Tomb (0/3) Crypt:3      Depths (5/5) D:15
   Hell (1/1)                 Dis (7/7) Hell            Geh (7/7) Hell
    Tar (7/7) Hell            Zot (5/5) Depths:5
    Coc: Hell:1

Altars:
Ashenzari
Cheibriados
Elyvilon
Fedhas
Gozag
Hepliaklqana
Kikubaaqudgha
Makhleb
Nemelex Xobeh
Okawaru
Qazlal
Ru
Sif Muna
Trog
Uskayaw
Vehumet
Xom
Yredelemnul
The Shining One
Beogh
Jiyva
Lugonu

Shops:
D:10 =   Orc:2 [%=*(   Depths:3 (!

Portals:
Hell: Depths:1 Depths:3 Depths:4 Depths:5
Abyss: Depths:3 Depths:4
Pandemonium: Depths:3 Depths:5
Ziggurat: Depths:2

Annotations:
Lair:4 exclusion: 3 oklob plants
Orc:2 Saint Roka
Depths:2 exclusion: downstairs
Hell exclusion: ice statue
Abyss:1 Frances


Innate Abilities, Weirdness & Mutations

You reflexively headbutt those who attack you in melee.
You have a pair of horns on your head.
You have sharp fingernails.
You are partially covered in rugged brown scales. (AC +1, +3% HP)
You are partially covered in yellow scales. (AC +2)
You can translocate small distances at will.
Your system is resistant to poisons. (rPois)
You do not regenerate when monsters are visible.
You are very weak. (Str -4)
You expend magic power (3 MP) to strengthen your wands.


Message History

The damnation engulfs the Hell Sentinel.
The Hell Sentinel completely resists.
The damnation engulfs the tormentor.
The tormentor dies!
Blink to where?
Press: ? - help, Dir - move target cursor, f - you
Okay, then.
You feel much better.
Your angel hits the Hell Sentinel but does no damage.
Your angel hits the Hell Sentinel with a sacred scourge of holy wrath.
The Hell Sentinel convulses!
The Hell Sentinel barely misses your angel.
The Hell Sentinel hits your angel!
Your angel barely misses the Hell Sentinel.
Your angel hits the Hell Sentinel but does no damage.
You slash the Hell Sentinel!
The Hell Sentinel convulses!
You headbutt the Hell Sentinel, but do no damage.
The Hell Sentinel is almost dead.
The Hell Sentinel gestures at you.
The sphere of damnation explodes!
The damnation engulfs you!
You die...

.........................
.........)..........#.#.
.......)............####
.#.#..)#)#.#.....###
#'')#8###...### #...###
#..## #...# #.## #.$.#
### #.A@# ##1##
#...99)...# #..#..C#..#
#. ..≈.. .# # .#.≈.#. #
....≈.... '. #...# .# ##.
..... .'


You could see a Hell Sentinel, 2 war gargoyles and a friendly angel.

Vanquished Creatures
  Asmodeus (Geh:7)
  the Royal Jelly (Slime:5)
  Ereshkigal (Tar:7)
  the Serpent of Hell (Dis:7)
  6 orbs of fire
  Mennas (Crypt:1)
  2 juggernauts
  7 ancient liches
  A greater mummy (Crypt:3)
  Sojobo (Crypt:2)
  65 large abominations
  3 Killer Klowns
  Xtahua (Depths:5)
  Geryon (Hell)
  2 caustic shrikes
  3 curse toes
  Nikola (Shoals:3)
  9 golden dragons
  Jory (Crypt:2)
  3 profane servitors
  11 bone dragons
  14 Tzitzimimeh
  18 Brimstone Fiends
  6 electric golems
  9 iron giants
  4 doom hounds
  24 tentacled monstrosities
  12 liches
  Asterion (Depths:2)
  5 Hell Sentinels
  25 Orb Guardians (Zot:5)
  8 titans
  10 quicksilver dragons
  An eldritch tentacle (Dis:2)
  A kraken (Abyss:2)
  4 Executioners
  15 acid blobs
  17 death cobs
  10 sphinxes
  19 tentacled starspawn
  20 ancient champions
  13 shadow dragons
  4 revenants
  2 daevas (Abyss:4)
  17 storm dragons
  5 tengu reavers
  12 draconian monks
  Donald (Spider:1)
  14 fire giants
  10 azure jellies
  11 frost giants
  7 ghost moths
  17 vault wardens
  4 deep elf sorcerers
  3 cacodemons
  An emperor scorpion (Spider:4)
  An angel (Abyss:4)
  8 draconian knights
  5 iron dragons
  6 draconian scorchers
  Aizul (Spider:4)
  6 balrugs
  5 curse skulls
  3 draconian stormcallers
  11 ghouls
  A deep elf elementalist (Abyss:4)
  5 draconian shifters
  49 reapers
  5 spriggan defenders
  12 ironheart preservers
  2 ophanim (Abyss:4)
  21 war gargoyles (Dis:7)
  12 draconian annihilators
  3 deep elf demonologists
  20 very ugly things
  8 vampire knights
  18 black draconians
  3 entropy weavers
  42 stone giants
  3 deep elf annihilators
  7 yellow draconians
  3 lorocyprocas
  10 red draconians
  10 white draconians
  10 green draconians
  2 pale draconians (Depths:5)
  6 purple draconians
  5 deep elf death magi
  14 ettins
  7 spark wasps
  7 death oozes (Slime:5)
  10 merfolk impalers
  3 green deaths
  11 eidola
  A minotaur (Lab)
  2 blizzard demons (Hell)
  21 fire dragons
  A merfolk javelineer (Shoals:4)
  7 jiangshi
  3 quicksilver dragon zombies (Crypt:3)
  16 great orbs of eyes
  13 yaktaur captains
  A ragged hierophant (Vaults:1)
  A spectral kraken (Tar:7)
  A deep elf high priest (Vaults:5)
  Erolcha (Orc:2)
  2 catoblepae
  12 rakshasas
  5 quicksilver dragon skeletons
  18 ice dragons
  9 spriggan air magi
  39 vault guards
  5 hydras
  3 merfolk avatars
  42 two-headed ogres
  11 centaur warriors
  3 hell beasts
  An anaconda (shapeshifter) (Vaults:2)
  3 dancing weapons (Abyss:4)
  4 merfolk aquamancers
  6 death knights
  9 death yaks
  4 tengu warriors
  5 vampire magi
  13 deep troll earth magi
  4 deep troll shamans
  13 ogre magi
  10 titan zombies
  24 thrashing horrors
  29 hell hogs
  2 orc high priests (Orc:2)
  14 sun demons
  5 deep elf knights
  An iron golem (Geh:7)
  15 soul eaters
  10 spriggan berserkers
  6 storm dragon zombies
  15 wretched stars
  16 iron trolls
  5 spatial maelstroms
  3 titan skeletons
  38 hell knights
  4 sixfirhies
  9 shadow wraiths
  14 sea snakes
  88 skeletal warriors
  5 storm dragon skeletons
  7 glowing orange brains
  6 unseen horrors
  14 shadow demons
  25 deep trolls
  2 swamp dragons (Depths:5)
  12 anaconda zombies
  A death drake (Tar:7)
  22 ironbrand convokers
  2 ghost moth zombies
  13 flayed ghosts
  2 cherubim (Abyss:4)
  2 golden dragon skeletons
  3 golden dragon zombies
  A swamp dragon (shapeshifter) (Vaults:4)
  2 tengu zombies
  4 shadow dragon zombies
  97 starcursed masses
  3 wizards
  A lindwurm (Lair:4)
  6 deep elf archers
  3 anaconda skeletons
  15 orc knights
  27 harpies
  An orb spider (shapeshifter) (Vaults:1)
  14 wolf spider zombies
  17 deep elf magi
  7 orc sorcerers (Orc:2)
  5 stone giant zombies
  2 tengu skeletons (Vaults:5)
  24 phantasmal warriors
  16 orb spiders
  20 necromancers
  A mana viper (Abyss:3)
  5 fire giant zombies
  A salamander (shapeshifter) (Vaults:4)
  38 cyclopes
  8 shining eyes
  33 moths of wrath
  5 fauns
  A salamander (Depths:1)
  3 iron dragon zombies
  33 ugly things
  6 shadow dragon skeletons
  6 manticores
  3 human zombies
  3 oklob plants (Lair:5)
  2 draconians (Abyss:4)
  2 frost giant skeletons
  6 frost giant zombies
  5 worldbinders
  37 wolf spiders
  2 stone giant skeletons
  5 iron dragon skeletons
  9 elephants
  3 fire giant skeletons
  A naga mage (Abyss:4)
  3 dire elephant zombies
  3 shock serpent zombies
  3 spectral swamp worms (Tar:7)
  A black mamba (shapeshifter) (Depths:5)
  6 apocalypse crabs
  A guardian serpent (Abyss:4)
  7 merfolk sirens
  2 eyes of devastation
  Maurice (Orc:2)
  6 orange demons
  A torpor snail (Spider:1)
  30 vault sentinels
  14 spiny frogs
  21 rust devils
  37 smoke demons
  5 water nymphs
  2 guardian serpents (shapeshifter) (Depths:4)
  10 molten gargoyles (Geh:7)
  A sea snake zombie (Crypt:2)
  2 emperor scorpion zombies
  23 hellions
  2 kobold demonologists
  7 efreet
  5 rime drakes (Lair:4)
  A komodo dragon (shapeshifter) (Vaults:3)
  A komodo dragon (Lair:4)
  A spiny frog (shapeshifter) (Vaults:3)
  6 redback zombies (Spider:3)
  4 centaur skeletons
  A swamp worm zombie (Crypt:1)
  A yaktaur (shapeshifter) (Depths:1)
  4 ice devils
  3 dire elephant skeletons
  21 freezing wraiths
  51 yaktaurs
  2 catoblepas zombies (Dis:7)
  21 tormentors
  22 ancient zymes
  3 guardian mummies
  A golden dragon simulacrum (Abyss:4)
  8 demonic crawlers
  16 red devils
  A yaktaur skeleton (Depths:1)
  4 harpy zombies
  A hellwing (Abyss:4)
  5 tengu conjurers
  6 hydra zombies
  2 silent spectres (Abyss:3)
  11 polar bears
  2 catoblepas skeletons
  A queen bee (shapeshifter) (Abyss:4)
  3 meliai (Lair:4)
  4 wind drakes
  A spriggan zombie (Depths:1)
  A queen bee (Lair:4)
  7 trolls
  22 merfolk
  A hornet (shapeshifter) (Abyss:3)
  2 harpy skeletons
  3 saltlings (Vaults:1)
  A tyrant leech (shapeshifter) (Vaults:4)
  13 hornets
  2 deep troll zombies (Depths:1)
  39 jumping spiders
  8 blink frogs
  6 snapping turtles
  13 dream sheep
  A slime creature (shapeshifter) (Vaults:1)
  4 fire dragon zombies
  2 hydra skeletons
  A snapping turtle (shapeshifter) (Vaults:2)
  95 slime creatures
  5 ice dragon zombies
  7 tarantella zombies (Spider:3)
  8 ettin zombies
  12 hippogriffs
  37 raiju
  A black mamba zombie (Geh:1)
  75 flying skulls
  18 shadows
  64 redbacks
  14 ynoxinuls
  An alligator skeleton (Hell)
  A tarantella (shapeshifter) (Depths:2)
  24 tarantellas
  5 air elementals
  3 spriggan skeletons
  39 yaks
  4 ettin skeletons
  A redback (shapeshifter) (Abyss:4)
  6 spriggans
  A human (D:7)
  10 water elementals
  32 wraiths
  5 fire bats
  6 ice dragon skeletons
  An ushabti (Crypt:3)
  A wyvern (D:11)
  4 hogs (D:7)
  2 basilisks (shapeshifter)
  Eustachio (D:4)
  A black mamba skeleton (Tar:3)
  25 fire elementals
  A basilisk (Abyss:3)
  4 golden eyes
  14 chaos spawn
  37 small abominations
  3 steam dragons (Depths:5)
  3 hungry ghosts
  10 spatial vortices
  A merfolk zombie (Geh:6)
  10 neqoxecs
  A two-headed ogre zombie (Crypt:1)
  10 wargs
  4 nagas (Abyss:4)
  An infernal demonspawn zombie (Hell)
  An acid dragon (Vaults:1)
  2 insubstantial wisps (Abyss:3)
  2 floating eyes
  54 hell hounds
  2 spiny frog zombies
  A two-headed ogre skeleton (Crypt:1)
  12 water moccasins
  5 porcupines
  Duvessa (D:7)
  A porcupine (shapeshifter) (Vaults:5)
  17 black bears
  An ettin simulacrum (Vaults:4)
  A monstrous demonspawn skeleton (Crypt:2)
  4 sky beasts
  2 ice beasts
  A phantom (Geh:1)
  2 spiny frog skeletons
  49 orc warriors
  16 boggarts
  25 necrophages
  An ice dragon simulacrum (Hell)
  3 elf zombies
  6 snapping turtle zombies
  2 manticore zombies
  6 eyes of draining
  28 ogres
  3 snapping turtle skeletons
  A swamp dragon skeleton (Geh:7)
  14 centaurs
  5 wolves
  18 crocodiles
  A human skeleton (Vaults:4)
  4 manticore skeletons
  3 big kobolds
  21 bullfrogs
  2 gnoll sergeants
  An elf skeleton (Crypt:1)
  A komodo dragon skeleton (Crypt:1)
  A wyvern zombie (D:14)
  4 wyvern skeletons
  3 scorpions
  Dowan (D:7)
  A troll zombie (Tar:2)
  49 killer bees
  54 wights
  5 howler monkeys
  2 electric eels (Spider:2)
  18 crimson imps
  A centaur zombie (D:11)
  4 human simulacra
  3 jellies (D:10)
  3 quasits
  A bullfrog zombie (D:6)
  24 orc priests
  11 hounds
  Crazy Yiuf (D:2)
  A bullfrog skeleton (D:7)
  A black bear skeleton (Crypt:1)
  4 iguanas
  19 iron imps
  29 orc wizards
  8 worker ants
  5 hell rats (Lair:4)
  A naga skeleton (Geh:2)
  A demigod skeleton (Crypt:1)
  A hound zombie (D:10)
  4 mummies
  14 gnolls
  A worker ant zombie (D:7)
  14 adders
  6 shadow imps
  4 white imps
  6 ufetubi
  An ooze (D:3)
  A worm zombie (Crypt:2)
  2 adder zombies
  A halfling zombie (Crypt:2)
  An adder skeleton (D:10)
  A barachi skeleton (Crypt:2)
  5 dart slugs
  9 leopard geckos
  112 orcs
  9 bats
  3 giant cockroaches
  3 goblins
  2 hobgoblins (D:1)
  5 jackals
  3 quokkas
  4 frilled lizards
  2 hobgoblin zombies (D:5)
  12 kobolds
  A kobold skeleton (Geh:7)
  2 kobold zombies
  An orc zombie (D:5)
  A quokka skeleton (D:6)
  8 rats
  A river rat skeleton (Crypt:2)
  A butterfly (Lair:3)
  3 demonic plants (Abyss:4)
  4 fire vortices (Geh:7)
  5 fungi
  2 lurking horrors (Abyss:3)
  25 plants
  24 starspawn tentacles
  4 tentacles
  A withered plant (Crypt:3)
4025 creatures vanquished.

Vanquished Creatures (collateral kills)
  Mara (Shoals:3)
  A Brimstone Fiend (Geh:7)
  An electric golem (Zot:2)
  A quicksilver dragon (Dis:7)
  An acid blob (Slime:5)
  A draconian monk (Zot:2)
  A shadow dragon (Depths:1)
  A ghost moth (Spider:4)
  A draconian knight (Abyss:4)
  3 frost giants
  2 ironheart preservers
  A draconian annihilator (Zot:2)
  3 reapers
  A merfolk javelineer (Shoals:3)
  A fire dragon (Depths:1)
  A vault guard (Vaults:3)
  A deep troll shaman (Lair:6)
  A sun demon (Abyss:3)
  An iron golem (Geh:7)
  3 shadow demons (Tar:7)
  2 deep elf magi (Vaults:3)
  An iron dragon skeleton (Tar:7)
  A vault sentinel (Vaults:1)
  A freezing wraith (Tar:7)
  A yaktaur (Vaults:5)
  2 tormentors
  An ancient zyme (Abyss:4)
  A silent spectre (Tar:7)
  A red devil (Abyss:3)
  3 merfolk (Shoals:3)
  A hydra skeleton (Geh:7)
  An ice dragon zombie (Depths:1)
  An alligator zombie (Tar:7)
  A raiju (Abyss:4)
  A flying skull (Geh:7)
  A tarantella (Spider:4)
  A wraith (Dis:7)
  A spatial vortex (Abyss:4)
  A large abomination (Abyss:4)
  A floating eye (Depths:1)
  A wight (Geh:7)
  A centaur zombie (Tar:7)
  A plant (Lair:3)
54 creatures vanquished.

Vanquished Creatures (others)
  An eldritch tentacle (Geh:5)
  An ancient champion (Dis:7)
  A draconian knight (Zot:1)
  An iron dragon (Dis:7)
  2 draconian annihilators
  A reaper (Geh:7)
  3 stone giants
  A merfolk javelineer (Depths:5)
  A yaktaur captain (Depths:5)
  An ogre mage (D:13)
  A centaur warrior (D:14)
  A hell hog (Geh:1)
  A deep troll earth mage (Depths:4)
  An orc high priest (Orc:1)
  An unseen horror (Abyss:4)
  2 skeletal warriors (D:13)
  2 orc knights
  A flayed ghost (Geh:7)
  A swamp dragon (Depths:5)
  A wolf spider (Spider:1)
  An elephant (Lair:6)
  4 yaktaurs (Depths:2)
  A tormentor (Dis:7)
  A jumping spider (Spider:2)
  A raiju (Abyss:4)
  2 slime creatures
  A flying skull (Geh:7)
  A shadow (Geh:2)
  A tarantella (Spider:2)
  A neqoxec (Abyss:4)
  A hell hound (Hell)
  An orc warrior (Orc:2)
  A small abomination (Abyss:4)
  An ogre (Orc:2)
  A boggart (shapeshifter) (Abyss:4)
  6 fungi
  A lurking horror (Abyss:4)
  15 plants
  28 starspawn tentacles
  11 tentacles
  21 withered plants (Crypt:3)
126 creatures vanquished.

Grand Total: 4205 creatures vanquished

Notes
Turn   | Place    | Note
-------+----------+-------------------------------------------
     0 | D:1      | kidcy the Minotaur Berserker began the quest for the Orb.
     0 | D:1      | Reached XP level 1. HP: 19/19 MP: 0/0
   414 | D:1      | Reached XP level 2. HP: 24/27 MP: 1/1
  1027 | D:2      | Found a sacrificial altar of Ru.
  1343 | D:2      | Reached XP level 3. HP: 33/33 MP: 2/2
  1508 | D:2      | Found a runed door.
  1985 | D:2      | Reached ** piety under Trog
  2223 | D:2      | Noticed Crazy Yiuf
  2229 | D:2      | Killed Crazy Yiuf
  2229 | D:2      | Reached XP level 4. HP: 41/41 MP: 3/3
  2474 | D:3      | Found a shimmering altar of Xom.
  2567 | D:3      | Reached skill level 5 in Axes
  2567 | D:3      | Reached XP level 5. HP: 40/47 MP: 4/4
  2934 | D:3      | Reached skill level 5 in Fighting
  2970 | D:3      | Reached XP level 6. HP: 56/56 MP: 5/5
  3336 | D:4      | Noticed Eustachio
  3358 | D:4      | Killed Eustachio
  3358 | D:4      | Reached skill level 1 in Shields
  3545 | D:4      | Reached XP level 7. HP: 61/61 MP: 6/6
  3683 | D:4      | Found a staircase to the Ecumenical Temple.
  3828 | D:5      | Entered Level 5 of the Dungeon
  3954 | D:5      | Reached *** piety under Trog
  4146 | D:5      | Found a shattered altar of Ashenzari.
  4147 | D:5      | Reached skill level 5 in Armour
  4154 | D:5      | Found a stormy altar of Qazlal.
  4159 | D:5      | Found an opulent altar of Gozag.
  4591 | D:6      | Identified a scroll of acquirement
  4638 | D:6      | Reached XP level 8. HP: 70/70 MP: 7/7
  5113 | D:7      | Reached **** piety under Trog
  5156 | D:7      | Noticed a hippogriff
  5168 | D:7      | Found a radiant altar of Vehumet.
  5184 | D:7      | Found an ancient bone altar of Kikubaaqudgha.
  5199 | D:7      | Found a deep blue altar of Sif Muna.
  5250 | D:7      | Noticed Dowan
  5266 | D:7      | Killed Dowan
  5315 | D:7      | Found a hazy altar of Hepliaklqana.
  5329 | D:7      | Killed a hippogriff
  5329 | D:7      | Reached skill level 5 in Shields
  5329 | D:7      | Reached XP level 9. HP: 68/79 MP: 8/8
  5361 | D:7      | Noticed Duvessa
  5372 | D:7      | Killed Duvessa
  5372 | D:7      | Reached skill level 10 in Axes
  5998 | D:8      | Found a sparkling altar of Nemelex Xobeh.
  6302 | D:8      | Reached ***** piety under Trog
  6302 | D:8      | Reached XP level 10. HP: 85/90 MP: 9/9
  6475 | D:8      | Found a bloodstained altar of Trog.
  6706 | D:9      | Received a gift from Trog
  7053 | D:9      | Found a basalt altar of Yredelemnul.
  7053 | D:9      | Found an iron altar of Okawaru.
  7546 | D:10     | Entered Level 10 of the Dungeon
  7993 | D:10     | Found Odghynk's Jewellery Shop.
  8356 | D:11     | Noticed a death knight
  8360 | D:11     | Reached skill level 10 in Fighting
  8366 | D:11     | Killed a death knight
  8366 | D:11     | Reached XP level 11. HP: 71/99 MP: 10/10
  8600 | D:11     | Noticed a five-headed hydra
  8609 | D:11     | Killed a one-headed hydra
  8718 | D:11     | Received a gift from Trog
  8887 | D:11     | Reached skill level 10 in Armour
  9099 | D:11     | Found a staircase to the Orcish Mines.
  9227 | D:11     | Found a staircase to the Lair.
  9386 | Lair:1   | Entered Level 1 of the Lair of Beasts
  9565 | Lair:1   | Reached ****** piety under Trog
 10059 | Lair:1   | Noticed a centaur warrior
 10066 | Lair:1   | Killed a centaur warrior
 10066 | Lair:1   | Reached XP level 12. HP: 110/110 MP: 11/11
 10343 | Lair:1   | Received a gift from Trog
 10394 | Lair:2   | Noticed a five-headed hydra
 10399 | Lair:2   | Killed a three-headed hydra
 10399 | Lair:2   | Reached skill level 10 in Shields
 10612 | Lair:2   | Got a warped lapis lazuli ring
 10615 | Lair:2   | Identified the ring of Pisoicas {rPois rF- Int+4 Dex+2 Slay+5} (You found it on level 2 of the Lair of Beasts)
 10864 | Lair:2   | Reached skill level 15 in Axes
 11178 | Lair:3   | Found a labyrinth entrance.
 11191 | Lab      | Entered a labyrinth
 11875 | Lab      | Noticed a minotaur
 11882 | Lab      | Killed a minotaur
 11919 | Lab      | Identified the Catalogue of Earth and Transmigration
 11921 | Lab      | Got a distressingly furry ring mail
 11922 | Lab      | Identified the +5 ring mail of Spite {Int+2} (You found it in a labyrinth)
 11943 | Lair:3   | Found a hole to the Spider Nest.
 12500 | Lair:4   | Found a staircase to the Shoals.
 12825 | D:11     | Got a steaming scarf
 12836 | D:11     | Identified the scarf of the Trilobite {*Drain rC+++ Dex+2} (You acquired it on level 11 of the Dungeon)
 12840 | D:11     | Got a scorched hat
 12852 | D:11     | Identified the +2 hat of the Dreams {rPois rCorr Slay+5 Stlth-} (You acquired it on level 11 of the Dungeon)
 13029 | Lair:4   | Received a gift from Trog
 13072 | Lair:4   | Reached XP level 13. HP: 119/119 MP: 12/12
 13913 | Lair:5   | Found a staircase to the Slime Pits.
 14197 | Lair:5   | Got a warped lead ring
 14214 | Lair:5   | Identified the ring of Finality {rPois Int-4 Dex+2 SInv Stlth+} (You found it on level 5 of the Lair of Beasts)
 14708 | Lair:6   | Entered Level 6 of the Lair of Beasts
 15576 | Orc:1    | Entered Level 1 of the Orcish Mines
 15634 | Orc:1    | Found a roughly hewn altar of Beogh.
 15729 | Orc:1    | Noticed a stone giant
 15736 | Orc:1    | Banished a stone giant
 15961 | Orc:2    | Entered Level 2 of the Orcish Mines
 15961 | Orc:2    | Noticed Maurice
 15973 | Orc:2    | Killed Maurice
 15973 | Orc:2    | Paralysed by an orc sorcerer for 7 turns
 15980 | Orc:2    | Noticed Erolcha
 15982 | Orc:2    | Reached XP level 14. HP: 120/129 MP: 13/13
 15982 | Orc:2    | Received a gift from Trog
 16206 | Orc:2    | Killed Erolcha
 16212 | Orc:2    | Noticed a stone giant
 16230 | Orc:2    | Killed a stone giant
 16467 | Orc:2    | Found a staircase to the Elven Halls.
 16529 | Orc:2    | Noticed an orc warlord
 16665 | Orc:1    | Banished an orc warlord
 16697 | Orc:2    | Found Eshuwath's Antique Weapon Shop.
 16933 | Orc:2    | Found Kuliryor's Jewellery Shop.
 16941 | Orc:2    | Bought the amulet of Vitality {Regen+ HP+15} for 1422 gold pieces
 16989 | Orc:2    | Found Zezxasum's Antique Armour Boutique.
 17015 | Orc:2    | Noticed Saint Roka
 17161 | Orc:2    | Found Ovinuq's Food Emporium.
 17297 | Orc:2    | Found Qesoddy's General Store.
 17311 | Orc:2    | Bought a potion of resistance for 120 gold pieces
 17311 | Orc:2    | Bought a potion of heal wounds for 60 gold pieces
 17745 | D:12     | Found a sparkling altar of Nemelex Xobeh.
 18173 | D:13     | Received a gift from Trog
 18178 | D:13     | Reached skill level 5 in Dodging
 18486 | D:13     | Found a gate to the Vaults.
 18574 | D:13     | Found a burning altar of Makhleb.
 19192 | D:15     | Entered Level 15 of the Dungeon
 19216 | D:15     | Reached XP level 15. HP: 139/139 MP: 14/14
 19245 | D:15     | Found a staircase to the Depths.
 19357 | D:15     | Received a gift from Trog
 19973 | Spider:1 | Entered Level 1 of the Spider Nest
 20001 | Spider:1 | Noticed Donald
 20062 | Spider:1 | Killed Donald
 20399 | Spider:1 | Noticed Frances
 20404 | Spider:1 | Banished Frances
 20613 | Spider:2 | Reached skill level 15 in Fighting
 20630 | Spider:2 | Received a gift from Trog
 20686 | Spider:1 | Killed a ghost moth
 20924 | Spider:2 | Reached skill level 15 in Armour
 21491 | Spider:3 | Reached skill level 10 in Dodging
 21782 | Spider:4 | Entered Level 4 of the Spider Nest
 21791 | Spider:4 | Received a gift from Trog
 21791 | Spider:4 | Reached XP level 16. HP: 149/149 MP: 15/15
 22108 | Spider:4 | Noticed Aizul
 22122 | Spider:4 | Killed Aizul
 22454 | Spider:4 | Reached skill level 15 in Shields
 22590 | Spider:4 | Received a gift from Trog
 23448 | Spider:4 | Got a gossamer rune of Zot
 23729 | Shoals:1 | Entered Level 1 of the Shoals
 23969 | Shoals:1 | Received a gift from Trog
 24734 | Shoals:2 | Reached XP level 17. HP: 159/159 MP: 16/16
 25271 | Shoals:3 | Noticed Nikola
 25280 | Shoals:3 | Killed Nikola
 25310 | Shoals:3 | Noticed Mara
 25311 | Shoals:3 | Noticed kidcy's illusion
 25340 | Shoals:3 | Killed Mara
 25498 | Shoals:3 | Received a gift from Trog
 25547 | Shoals:3 | Got a twitching ivory ring
 25964 | Shoals:4 | Entered Level 4 of the Shoals
 26112 | Shoals:4 | Got a barnacled rune of Zot
 26530 | Vaults:1 | Entered Level 1 of the Vaults
 26726 | Vaults:1 | Received a gift from Trog
 26801 | Vaults:1 | Reached skill level 15 in Dodging
 26803 | Vaults:1 | Reached XP level 18. HP: 170/170 MP: 17/17
 26817 | Vaults:1 | Identified the ring "Paodylau" {rF+ MP+9 Dex+2 Slay+2} (You found it on level 3 of the Shoals)
 26832 | Vaults:1 | Noticed a tentacled monstrosity
 26841 | Vaults:1 | Killed a tentacled monstrosity
 27039 | Vaults:1 | Identified Kewaff's Guide on Enchantment
 27465 | Vaults:1 | Received a gift from Trog
 28489 | Vaults:2 | Received a gift from Trog
 28494 | Vaults:2 | Reached XP level 19. HP: 180/180 MP: 18/18
 28833 | Vaults:2 | Found a staircase to the Crypt.
 29393 | Vaults:2 | You fall through a shaft!
 29399 | Vaults:3 | Received a gift from Trog
 29488 | Vaults:3 | Got a faintly glowing broad axe {god gift}
 29582 | Vaults:3 | Identified the +7 broad axe of Distraction {drain, rF- rC+ Str+4 Stlth+} (Trog gifted it to you on level 3 of the Vaults)
 30333 | Vaults:3 | Received a gift from Trog
 30754 | Vaults:3 | Reached XP level 20. HP: 191/191 MP: 19/19
 30857 | Vaults:3 | Paralysed by a wizard for 4 turns
 31359 | Vaults:4 | Received a gift from Trog
 31389 | Vaults:4 | Got a translucent broad axe {god gift}
 31394 | Vaults:4 | Identified the +6 broad axe of Trog's Wrath {chop, rElec rF+ Str-5} (Trog gifted it to you on level 4 of the Vaults)
 31982 | Vaults:4 | Received a gift from Trog
 32284 | Vaults:5 | Entered Level 5 of the Vaults
 32448 | Vaults:4 | Received a gift from Trog
 32452 | Vaults:4 | Reached XP level 21. HP: 202/202 MP: 20/20
 32454 | Vaults:4 | Got a bound glass ring
 32460 | Vaults:4 | Identified the ring "Lafif" {rC+++ rN+ Dex-5 SInv Stlth+} (You took it off a vault warden on level 4 of the Vaults)
 32576 | Vaults:4 | Received a gift from Trog
 32767 | Vaults:5 | Noticed a golden dragon
 33083 | Vaults:4 | Killed a golden dragon
 33126 | Vaults:5 | Noticed a golden dragon
 33138 | Vaults:5 | Killed a golden dragon
 33271 | Vaults:5 | Got a fine golden amulet
 33414 | Vaults:5 | Got a silver rune of Zot
 33994 | Slime:1  | Entered Level 1 of the Pits of Slime
 33996 | Slime:1  | Gained mutation: Potions are less effective at restoring your health. [a shining eye]
 34043 | Slime:1  | Gained mutation: You are frail. (-10% HP) [a shining eye]
 34597 | Slime:1  | Identified the amulet "Uttolifa" {+Rage Int+2 Dex+3} (You took it off a frost giant on level 5 of the Vaults)
 34792 | Slime:2  | Received a gift from Trog
 34853 | Slime:2  | Paralysed by a floating eye for 2 turns
 34866 | Slime:2  | Gained mutation: You are dopey. (Int -2) [a shining eye]
 35077 | Slime:3  | Reached XP level 22. HP: 190/190 MP: 21/21
 35099 | Slime:3  | Gained mutation: Armour fits poorly on your strangely shaped body. [a shining eye]
 35341 | Slime:4  | Gained mutation: You are very dopey. (Int -4) [a shining eye]
 35343 | Slime:4  | Gained mutation: You are weak. (Str -2) [a shining eye]
 35637 | Slime:5  | Entered Level 5 of the Pits of Slime
 35648 | Slime:4  | Lost mutation: You are very dopey. (Int -4) [potion of mutation]
 35648 | Slime:4  | Lost mutation: You are frail. (-10% HP) [potion of mutation]
 35648 | Slime:4  | Gained mutation: Your flesh is cold resistant. (rC+) [potion of mutation]
 35648 | Slime:4  | Lost mutation: You are weak. (Str -2) [potion of mutation]
 35648 | Slime:4  | Gained mutation: Your flesh is very cold resistant. (rC++) [potion of mutation]
 35648 | Slime:4  | Gained mutation: You are partially covered in slimy green scales. (AC +2) [potion of mutation]
 35680 | Slime:5  | Lost mutation: Your flesh is very cold resistant. (rC++) [potion of mutation]
 35680 | Slime:5  | Lost mutation: Armour fits poorly on your strangely shaped body. [potion of mutation]
 35680 | Slime:5  | Lost mutation: Your flesh is cold resistant. (rC+) [potion of mutation]
 35680 | Slime:5  | Lost mutation: You are partially covered in slimy green scales. (AC +2) [potion of mutation]
 35680 | Slime:5  | Lost mutation: You are dopey. (Int -2) [potion of mutation]
 35680 | Slime:5  | Gained mutation: You have sharp toenails. [potion of mutation]
 35680 | Slime:5  | Gained mutation: You have a pair of large horns on your head. [potion of mutation]
 35680 | Slime:5  | Gained mutation: Your system is resistant to poisons. (rPois) [potion of mutation]
 35681 | Slime:5  | Lost mutation: Potions are less effective at restoring your health. [potion of mutation]
 35681 | Slime:5  | Lost mutation: Your system is resistant to poisons. (rPois) [potion of mutation]
 35681 | Slime:5  | Lost mutation: You have a pair of large horns on your head. [potion of mutation]
 35681 | Slime:5  | Lost mutation: You have sharp toenails. [potion of mutation]
 35681 | Slime:5  | Gained mutation: Your spells are a little harder to cast, but a little more powerful. [potion of mutation]
 35681 | Slime:5  | Gained mutation: Your spells are harder to cast, but more powerful. [potion of mutation]
 35681 | Slime:5  | Gained mutation: You have a pair of large horns on your head. [potion of mutation]
 35681 | Slime:5  | Gained mutation: You are surrounded by a mild repulsion field. (EV +2) [potion of mutation]
 35705 | Slime:5  | Lost mutation: Your spells are harder to cast, but more powerful. [potion of mutation]
 35705 | Slime:5  | Lost mutation: Your spells are a little harder to cast, but a little more powerful. [potion of mutation]
 35705 | Slime:5  | Lost mutation: You have a pair of large horns on your head. [potion of mutation]
 35705 | Slime:5  | Lost mutation: You are surrounded by a mild repulsion field. (EV +2) [potion of mutation]
 35705 | Slime:5  | Gained mutation: You passively map a small area around you. [potion of mutation]
 35705 | Slime:5  | Gained mutation: You are agile. (Dex +2) [potion of mutation]
 35736 | Slime:5  | Gained mutation: Scrolls take you a little longer to read. [a shining eye]
 35740 | Slime:5  | Gained mutation: You do not regenerate when monsters are visible. [a shining eye]
 35743 | Slime:5  | Received a gift from Trog
 35825 | Slime:5  | Noticed the Royal Jelly
 35826 | Slime:5  | Found a viscous altar of Jiyva.
 35862 | Slime:5  | Killed the Royal Jelly
 35940 | Slime:5  | Got a fine large shield
 35952 | Slime:5  | Identified the +7 large shield "Ywecajad" {rF++ rC- MR++} (You found it on level 5 of the Pits of Slime)
 35963 | Slime:5  | Got a twitching ruby amulet
 36020 | Slime:5  | Got a warped platinum amulet
 36029 | Slime:5  | Got a slimy rune of Zot
 36031 | Slime:5  | Got a bound bronze ring
 36065 | Slime:5  | Identified the amulet of Royalty {Harm *Drain rElec rPois Int-3} (You found it on level 5 of the Pits of Slime)
 36067 | Slime:5  | Identified the amulet "Viasin" {Reflect rElec rF+ MR+ SH+6} (You found it on level 5 of the Pits of Slime)
 36069 | Slime:5  | Identified the ring "Minka" {rPois rC++ Str+2} (You found it on level 5 of the Pits of Slime)
 36730 | Depths:1 | Entered Level 1 of the Depths
 36945 | Depths:1 | Found a gateway to Hell.
 37237 | Depths:1 | Received a gift from Trog
 37611 | Depths:1 | Identified the Guide on Evil
 37855 | Depths:1 | Paralysed by a floating eye for 2 turns
 37859 | Depths:1 | Paralysed by a floating eye for 2 turns
 37870 | Depths:1 | Reached XP level 23. HP: 133/223 MP: 22/22
 38122 | Depths:1 | Lost mutation: You are agile. (Dex +2) [potion of mutation]
 38122 | Depths:1 | Lost mutation: Scrolls take you a little longer to read. [potion of mutation]
 38122 | Depths:1 | Lost mutation: You passively map a small area around you. [potion of mutation]
 38122 | Depths:1 | Lost mutation: You do not regenerate when monsters are visible. [potion of mutation]
 38122 | Depths:1 | Gained mutation: You expend magic power (3 MP) to strengthen your wands. [potion of mutation]
 38122 | Depths:1 | Gained mutation: Your muscles are strong. (Str +2) [potion of mutation]
 38122 | Depths:1 | Gained mutation: You occasionally shout uncontrollably at your foes. [potion of mutation]
 38122 | Depths:1 | Gained mutation: You are partially covered in yellow scales. (AC +2) [potion of mutation]
 38153 | Depths:1 | Got a steaming pewter ring
 38159 | Depths:1 | Identified the ring "Uphug" {Fire Str+3} (You found it on level 1 of the Depths)
 38525 | Depths:2 | Noticed Asterion
 38538 | Depths:2 | Killed Asterion
 38705 | Depths:2 | Received a gift from Trog
 38753 | Depths:2 | Noticed a caustic shrike
 38763 | Depths:2 | Killed a caustic shrike
 39170 | Depths:2 | Found a gateway to a ziggurat.
 39173 | Depths:2 | Paralysed by a floating eye for 4 turns
 39178 | Depths:2 | Paralysed by a floating eye for 4 turns
 39184 | Depths:2 | Paralysed by a floating eye for 2 turns
 39395 | Depths:3 | Received a gift from Trog
 39535 | Depths:3 | Found a one-way gate leading to the halls of Pandemonium.
 39668 | Depths:3 | Found Wecid's Distillery.
 39668 | Depths:3 | Found Ampezoys's Antique Weapon Shoppe.
 39679 | Depths:3 | Bought a potion of might for 68 gold pieces
 39679 | Depths:3 | Bought a potion of curing for 51 gold pieces
 39679 | Depths:3 | Bought a potion of might for 68 gold pieces
 39679 | Depths:3 | Bought a potion of haste for 170 gold pieces
 39679 | Depths:3 | Bought a potion of haste for 170 gold pieces
 40073 | Depths:3 | Found a corrupted altar of Lugonu.
 40074 | Depths:3 | Found a one-way gate to the infinite horrors of the Abyss.
 40140 | Depths:3 | Voluntarily entered the Abyss.
 40144 | Abyss:1  | Found a corrupted altar of Lugonu.
 40252 | Abyss:2  | Reached XP level 24. HP: 236/236 MP: 10/22
 40303 | Abyss:3  | Found a corrupted altar of Lugonu.
 40440 | Abyss:3  | Received a gift from Trog
 40746 | Abyss:3  | Gained mutation: Your spells are a little easier to cast, but a little less powerful. [a neqoxec]
 41032 | Abyss:3  | Paralysed by accursed screaming for 1 turns
 41565 | Abyss:3  | Gained mutation: Scrolls take you a little longer to read. [a neqoxec]
 41579 | Abyss:3  | Lost intelligence.
 41579 | Abyss:3  | Gained mutation: You are dopey. (Int -2) [a neqoxec]
 41595 | Abyss:3  | Paralysed by accursed screaming for 1 turns
 41599 | Abyss:3  | Paralysed by accursed screaming for 2 turns
 41619 | Abyss:3  | Lost mutation: Scrolls take you a little longer to read. [potion of mutation]
 41619 | Abyss:3  | Lost mutation: You are dopey. (Int -2) [potion of mutation]
 41619 | Abyss:3  | Gained mutation: You possess an exceptional clarity of mind. [potion of mutation]
 41619 | Abyss:3  | Gained mutation: You passively map a small area around you. [potion of mutation]
 41669 | Abyss:3  | Received a gift from Trog
 41782 | Abyss:3  | Found a corrupted altar of Lugonu.
 42287 | Abyss:4  | Lost mutation: Your muscles are strong. (Str +2) [a neqoxec]
 42315 | Abyss:4  | Received a gift from Trog
 42591 | Abyss:4  | Gained mutation: You do not regenerate when monsters are visible. [a cacodemon]
 42797 | Abyss:4  | Reached XP level 25. HP: 209/250 MP: 10/22
 42882 | Abyss:4  | Received a gift from Trog
 43229 | Abyss:4  | Received a gift from Trog
 43353 | Abyss:4  | Got a distressingly furry large shield
 43357 | Abyss:4  | Identified the cursed +0 large shield of Dumuol {rElec Regen+} (You took it off a daeva on level 4 of the Abyss)
 43385 | Abyss:4  | Reached skill level 27 in Shields
 43787 | Abyss:4  | Got a shimmering large shield
 43788 | Abyss:4  | Identified the cursed +0 large shield of Dyn Ylea {+Inv rPois rC+ Dex-4} (You took it off a daeva on level 4 of the Abyss)
 43938 | Abyss:4  | Received a gift from Trog
 44018 | Abyss:4  | Paralysed by accursed screaming for 1 turns
 44226 | Abyss:4  | Received a gift from Trog
 44741 | Abyss:4  | Found a corrupted altar of Lugonu.
 44861 | Abyss:4  | Reached skill level 27 in Fighting
 44906 | Abyss:4  | Found a glowing golden altar of the Shining One.
 44934 | Abyss:4  | Noticed a juggernaut
 44948 | Abyss:4  | Killed a juggernaut
 44952 | Abyss:4  | Got an abyssal rune of Zot
 44956 | Abyss:4  | Found a glowing golden altar of the Shining One.
 45002 | Abyss:4  | Reached XP level 26. HP: 113/266 MP: 10/22
 45020 | Abyss:4  | Gained mutation: Potions are less effective at restoring your health. [a neqoxec]
 45052 | Depths:3 | Escaped the Abyss
 45097 | Depths:3 | Lost mutation: You expend magic power (3 MP) to strengthen your wands. [potion of mutation]
 45097 | Depths:3 | Lost mutation: You possess an exceptional clarity of mind. [potion of mutation]
 45097 | Depths:3 | Lost mutation: You passively map a small area around you. [potion of mutation]
 45097 | Depths:3 | Gained mutation: You have sharp toenails. [potion of mutation]
 45097 | Depths:3 | Gained mutation: You are surrounded by a mild repulsion field. (EV +2) [potion of mutation]
 45506 | Depths:4 | Noticed a juggernaut
 45518 | Depths:4 | Killed a juggernaut
 45731 | Depths:4 | Received a gift from Trog
 46047 | Depths:4 | Reached skill level 27 in Armour
 46338 | Depths:5 | Entered Level 5 of the Depths
 46347 | Depths:5 | Noticed Xtahua
 46355 | Depths:5 | Killed Xtahua
 46825 | Depths:5 | Found a gate to the Realm of Zot.
 47085 | Depths:5 | Identified Hyluc's Almanac of Aid
 47398 | Zot:1    | Entered Level 1 of the Realm of Zot
 47805 | Depths:3 | Lost mutation: Your spells are a little easier to cast, but a little less powerful. [potion of mutation]
 47805 | Depths:3 | Lost mutation: You occasionally shout uncontrollably at your foes. [potion of mutation]
 47805 | Depths:3 | Lost mutation: You do not regenerate when monsters are visible. [potion of mutation]
 47805 | Depths:3 | Lost mutation: You have sharp toenails. [potion of mutation]
 47805 | Depths:3 | Lost mutation: Potions are less effective at restoring your health. [potion of mutation]
 47805 | Depths:3 | Lost mutation: You are surrounded by a mild repulsion field. (EV +2) [potion of mutation]
 47805 | Depths:3 | Gained mutation: You expend magic power (3 MP) to strengthen your wands. [potion of mutation]
 47805 | Depths:3 | Gained mutation: You are dopey. (Int -2) [potion of mutation]
 47805 | Depths:3 | Gained mutation: You can translocate small distances at will. [potion of mutation]
 48118 | Zot:1    | Noticed an orb of fire
 48129 | Zot:1    | Reached XP level 27. HP: 273/273 MP: 10/22
 48136 | Zot:1    | Killed an orb of fire
 48145 | Zot:1    | Received a gift from Trog
 48303 | Zot:1    | Noticed an orb of fire
 48306 | Zot:1    | Gained mutation: Your magical capacity is low. (-10% MP) [an orb of fire]
 48315 | Zot:1    | Killed an orb of fire
 48493 | Zot:1    | Found a hide-covered altar of Uskayaw.
 48865 | Zot:2    | Found a huge runed gate.
 48865 | Zot:2    | Found a huge runed gate.
 48866 | Zot:2    | Found a huge runed gate.
 48867 | Zot:2    | Found a huge runed gate.
 48867 | Zot:2    | Found a huge runed gate.
 48867 | Zot:2    | Found a huge runed gate.
 48868 | Zot:2    | Found a huge runed gate.
 48869 | Zot:2    | Found a huge runed gate.
 48870 | Zot:2    | Found a huge runed gate.
 48874 | Zot:2    | Found a huge runed gate.
 48874 | Zot:2    | Found a huge runed gate.
 48874 | Zot:2    | Found a huge runed gate.
 48874 | Zot:2    | Found a huge runed gate.
 48879 | Zot:2    | Found a huge runed gate.
 48885 | Zot:2    | Found a huge runed gate.
 48885 | Zot:2    | Found a huge runed gate.
 48885 | Zot:2    | Found a huge runed gate.
 48885 | Zot:2    | Found a huge runed gate.
 49046 | Zot:2    | Found a huge runed gate.
 49046 | Zot:2    | Found a huge runed gate.
 49046 | Zot:2    | Found a huge runed gate.
 49046 | Zot:2    | Found a huge runed gate.
 49046 | Zot:2    | Found a huge runed gate.
 49047 | Zot:2    | Found a huge runed gate.
 49048 | Zot:2    | Found a huge runed gate.
 49148 | Zot:2    | Noticed an ancient lich
 49148 | Zot:2    | Noticed an orb of fire
 49151 | Zot:2    | Gained mutation: Your body sometimes deteriorates upon taking damage. [an orb of fire]
 49157 | Zot:2    | Killed an orb of fire
 49167 | Zot:2    | Received a gift from Trog
 49173 | Zot:2    | Killed an ancient lich
 49678 | Zot:3    | Noticed an orb of fire
 49689 | Zot:3    | Killed an orb of fire
 49906 | Zot:3    | Received a gift from Trog
 51034 | Zot:5    | Entered Level 5 of the Realm of Zot
 51339 | Zot:5    | Noticed an ancient lich
 51346 | Zot:5    | Killed an ancient lich
 51382 | Zot:5    | Noticed an ancient lich
 51391 | Zot:5    | Killed an ancient lich
 51624 | Zot:5    | Noticed an orb of fire
 51630 | Zot:5    | Gained mutation: You are weak. (Str -2) [an orb of fire]
 51646 | Zot:5    | Received a gift from Trog
 51649 | Zot:5    | Killed an orb of fire
 51652 | Zot:5    | Noticed an ancient lich
 51660 | Zot:5    | Noticed an ancient lich
 51668 | Zot:5    | Killed an ancient lich
 51697 | Zot:5    | Killed an ancient lich
 51738 | Zot:5    | Noticed an orb of fire
 51745 | Zot:5    | Gained mutation: You are very weak. (Str -4) [an orb of fire]
 51748 | Zot:5    | Noticed an ancient lich
 51748 | Zot:5    | Killed an orb of fire
 51759 | Zot:5    | Noticed an ancient lich
 51760 | Zot:5    | Killed an ancient lich
 51769 | Zot:5    | Killed an ancient lich
 52771 | Crypt:1  | Entered Level 1 of the Crypt
 52802 | Crypt:1  | Received a gift from Trog
 53104 | Crypt:1  | Reached skill level 27 in Dodging
 53309 | Crypt:1  | Reached skill level 1 in Evocations
 53688 | Temple   | Entered the Ecumenical Temple
 53701 | Temple   | Fell from the grace of Trog
 53701 | Temple   | Became a worshipper of the Shining One
 54335 | Crypt:2  | Reached * piety under the Shining One
 54340 | Crypt:2  | Noticed Jory
 54344 | Crypt:2  | Noticed Mennas
 54362 | Crypt:2  | Killed Jory
 54383 | Crypt:1  | Killed Mennas
 54450 | Crypt:2  | Reached skill level 1 in Long Blades
 54480 | Crypt:2  | Reached ** piety under the Shining One
 54522 | Crypt:2  | Reached *** piety under the Shining One
 54646 | Crypt:2  | Noticed Sojobo
 54665 | Crypt:2  | Killed Sojobo
 54665 | Crypt:2  | Reached skill level 5 in Long Blades
 55172 | Crypt:3  | Entered Level 3 of the Crypt
 55190 | Crypt:3  | Reached **** piety under the Shining One
 55272 | Crypt:3  | Found a basalt altar of Yredelemnul.
 55309 | Crypt:3  | Reached ***** piety under the Shining One
 55457 | Crypt:3  | Reached skill level 10 in Long Blades
 55461 | Crypt:3  | Identified Eceus's Handbook of Evil Secrets
 55601 | Crypt:3  | Reached ****** piety under the Shining One
 55715 | Crypt:3  | Found a staircase to the Tomb.
 55715 | Crypt:3  | Noticed a greater mummy
 56197 | Crypt:3  | Killed a greater mummy
 57530 | Crypt:3  | Identified a +9 broad axe of holy wrath (a +9 broad axe of electrocution blessed by the Shining One)
 57530 | Crypt:3  | Received a gift from the Shining One
 57564 | Crypt:3  | Reached skill level 1 in Invocations
 57877 | Hell     | Entered the Vestibule of Hell
 57877 | Hell     | Noticed Geryon
 57907 | Hell     | Killed Geryon
 57912 | Hell     | Reached skill level 5 in Invocations
 57981 | Hell     | Found a gateway to the ashen valley of Gehenna.
 58126 | Hell     | Found a gateway to the Iron City of Dis.
 58341 | Hell     | Found a gateway to the decaying netherworld of Tartarus.
 58414 | Tar:1    | Entered Level 1 of Tartarus
 58594 | Tar:1    | Reached skill level 10 in Invocations
 59500 | Tar:3    | Lost mutation: Your magical capacity is low. (-10% MP) [potion of mutation]
 59500 | Tar:3    | Lost mutation: Your body sometimes deteriorates upon taking damage. [potion of mutation]
 59500 | Tar:3    | Gained mutation: You have sharp fingernails. [potion of mutation]
 59500 | Tar:3    | Lost mutation: You are dopey. (Int -2) [potion of mutation]
 59500 | Tar:3    | Gained mutation: Your system is resistant to poisons. (rPois) [potion of mutation]
 59500 | Tar:3    | Gained mutation: You are partially covered in rugged brown scales. (AC +1, +3% HP) [potion of mutation]
 60259 | Tar:7    | Entered Level 7 of Tartarus
 60661 | Tar:7    | Learned a level 9 spell: Fire Storm
 60783 | Tar:7    | Reached skill level 1 in Spellcasting
 60805 | Tar:7    | Reached skill level 1 in Conjurations
 60805 | Tar:7    | Reached skill level 1 in Fire Magic
 61151 | Tar:7    | Noticed Ereshkigal
 61177 | Tar:7    | Killed Ereshkigal
 61368 | Tar:7    | Got a bone rune of Zot
 61382 | Tar:7    | Got a faintly humming plate armour
 61384 | Tar:7    | Identified the cursed +1 plate armour "Pata" {Int+2 SInv} (You found it on level 7 of Tartarus)
 61598 | Geh:1    | Entered Level 1 of Gehenna
 61804 | Geh:1    | Reached skill level 5 in Fire Magic
 61832 | Geh:2    | Reached skill level 5 in Conjurations
 62042 | Geh:3    | Reached skill level 5 in Spellcasting
 62629 | Geh:7    | Entered Level 7 of Gehenna
 63415 | Geh:7    | Was forgiven by Trog
 63597 | Geh:7    | Noticed Asmodeus
 63606 | Geh:7    | Reached skill level 1 in Stealth
 64034 | Geh:7    | Killed Asmodeus
 64034 | Geh:7    | Reached skill level 5 in Stealth
 64074 | Geh:7    | Identified the Compendium of Displacement and the Glacier
 64094 | Geh:7    | Identified the Compendium of the Vacuum
 64111 | Geh:7    | Got an obsidian rune of Zot
 64121 | Geh:7    | Got a transparent glaive
 64123 | Geh:7    | Identified the +6 glaive of Xumu {chop, rC+ MP+9} (You found it on level 7 of Gehenna)
 64438 | Dis:1    | Entered Level 1 of the Iron City of Dis
 64591 | Dis:2    | Reached skill level 5 in Evocations
 65744 | Dis:7    | Entered Level 7 of the Iron City of Dis
 66059 | Dis:7    | Gained mutation: You do not regenerate when monsters are visible. [mutagenic glow]
 66417 | Dis:7    | Reached skill level 10 in Fire Magic
 66765 | Dis:7    | Reached skill level 10 in Conjurations
 66830 | Dis:7    | Noticed the Serpent of Hell
 66855 | Dis:7    | Killed the Serpent of Hell
 66868 | Dis:7    | HP: 12/291 [Hell Sentinel/damnation (36)]
 66870 | Dis:7    | Killed from afar by a Hell Sentinel

Skill      XL: |  1  2  3  4  5  6  7  8  9 10 11 12 13 14 15 16 17 18 19 20 21 22 23 24 25 26 27 |
---------------+----------------------------------------------------------------------------------+-----
Fighting       | 4 5 6 7 8 10 11 12 13 14 15 16 17 18 19 20 21 22 23 25 27 | 27.0
Axes           | 4 5 6 7 9 11 12 14 16 17 18 19 24 | 24.5
Armour         | 3 4 5 6 8 9 10 12 13 14 15 16 17 18 19 20 21 22 23 25 27 | 27.0
Dodging        | 3 6 10 12 15 16 18 19 27 | 27.0
Shields        | 1 3 5 6 8 9 11 12 13 14 15 16 18 20 21 23 25 26 27 | 27.0
Evocations     | 9 |  9.2
Long Blades    | 13 | 13.8
Invocations    | 14 | 14.4
Spellcasting   | 9 |  9.7
Conjurations   | 10 | 10.3
Fire Magic     | 10 | 10.6
Stealth        | 5 |  5.6

Action                   |  1- 3 |  4- 6 |  7- 9 | 10-12 | 13-15 | 16-18 | 19-21 | 22-24 | 25-27 || total
-------------------------+-------+-------+-------+-------+-------+-------+-------+-------+-------++-------
Melee: Hand axe          |    94 |   120 |     6 |       |       |       |       |       |       ||   220
       Headbutt          |     7 |    28 |    47 |   113 |   248 |   339 |   285 |   616 |  1730 ||  3413
       War axe           |       |       |    84 |       |       |       |       |       |       ||    84
       Broad axe         |       |       |   190 |   552 |   853 |   975 |   873 |  1533 |  4708 ||  9684
       Eudemon blade     |       |       |       |       |       |       |       |       |   109 ||   109
Invok: Berserk           |     3 |     2 |     5 |     5 |     9 |     4 |     3 |     1 |     2 ||    34
       Burn Spellbooks   |       |       |     1 |     3 |     2 |     4 |     1 |     6 |     3 ||    20
       Trog's Hand       |       |       |     1 |     2 |     2 |    14 |    23 |    20 |    33 ||    95
       Brothers in Arms  |       |       |       |       |     1 |     5 |     3 |     6 |     5 ||    20
       Cleansing Flame   |       |       |       |       |       |       |       |       |     6 ||     6
       Summon Divine War |       |       |       |       |       |       |       |       |     5 ||     5
       Divine Shield     |       |       |       |       |       |       |       |       |     4 ||     4
       Brand Weapon With |       |       |       |       |       |       |       |       |     1 ||     1
 Abil: Blink             |       |       |       |       |       |       |       |       |     1 ||     1
Evoke: Wand              |       |       |       |       |       |     9 |       |     5 |    17 ||    31
  Use: Scroll            |     9 |     2 |    14 |    18 |     6 |    18 |    10 |     7 |    25 ||   109
       Potion            |       |       |     1 |       |       |     5 |     3 |    16 |    13 ||    38
 Stab: Sleeping          |     1 |       |       |       |       |       |       |       |       ||     1
       Petrifying        |       |       |       |       |     1 |       |       |       |     1 ||     2
       Held in net/web   |       |       |       |       |     4 |       |       |       |       ||     4
       Distracted        |       |       |       |       |       |     1 |     1 |     2 |     4 ||     8
       Petrified         |       |       |       |       |       |       |       |       |     2 ||     2
  Eat: Chunk             |     2 |     5 |    24 |    27 |    24 |    21 |    15 |     7 |     9 ||   134
       Bread ration      |     1 |       |       |       |     2 |     3 |     5 |     7 |     3 ||    21
       Meat ration       |       |       |       |       |       |       |       |       |    16 ||    16
Armor: Animal skin       |    19 |       |       |       |       |       |       |       |       ||    19
       Scale mail        |     6 |     3 |       |       |       |       |       |       |       ||     9
       Ring mail         |     2 |       |       |       |       |       |       |       |       ||     2
       Plate armour      |       |    60 |   208 |   260 |       |       |       |       |       ||   528
       Crystal plate arm |       |       |       |    70 |   452 |   515 |   310 |   261 |   820 ||  2428
Dodge: Dodged            |    75 |    43 |   115 |   168 |   202 |   389 |   219 |   232 |  1073 ||  2516
Block: Shield            |       |       |       |   314 |   454 |   732 |   128 |       |   256 ||  1884
       Large shield      |       |       |       |       |       |       |   662 |  1504 |  5062 ||  7228
       Reflection        |       |       |       |       |       |       |       |    54 |    65 ||   119
